[Event "42nd Olympiad Baku 2016 Women"]
[Site "Baku"]
[Date "2016.09.03"]
[Round "2.22"]
[White "Chumpitaz, Ann"]
[Black "Pavlidou, Ekaterini"]
[Result "0-1"]
[ECO "B40"]
[WhiteElo "2150"]
[BlackElo "2140"]
[Annotator ""]
[PlyCount "62"]
[EventDate "2016.??.??"]
[EventCountry "AZE"]
[SourceTitle "playchess.com"]
[Source "ChessBase"]
[WhiteTeam "Peru"]
[BlackTeam "Greece"]
[WhiteTeamCountry "PER"]
[BlackTeamCountry "GRE"]
[TimeControl "40/5400+30:1800+30"]

1. e4 {(00:00)} c5 {(00:10)} 2. Nf3 {(00:00)} e6 {(
00:26)} 3. c3 {(06:25)} d5 {(00:37)} 4. exd5 {(00:05)}
Qxd5 {(00:18)} 5. Na3 {(04:45)} Nf6 {(02:19)} 6. Bc4 {
(14:58)} Qd8 {(01:58)} 7. d4 {(09:13)} cxd4 {(03:
55)} 8. Nb5 {(00:14)} a6 {(02:15)} 9. Nbxd4 {(00:55)} b5 {
(09:27)} 10. Bb3 {(00:14)} Bb7 {(08:06)} 11. O-O {(
01:08)} Bd5 {(05:54)} 12. a4 {(06:54)} b4 {(02:58)} 13. c4
{(03:05)} Bb7 {(00:45)} 14. a5 {(01:05)} Nbd7 {(04:
05)} 15. Ba4 {(02:40)} Qc7 {(01:31)} 16. Re1 {(06:52)}
O-O-O {(05:04)} 17. Qe2 {(23:55)} Nc5 {(03:24)} 18. Bg5 {
(00:34)} Bd6 {(02:06)} 19. Bh4 {(04:53)} h6 {(02:
29)} 20. Bg3 {(00:54)} Bxg3 {(01:23)} 21. hxg3 {(00:02)}
g5 {(02:51)} 22. Nc2 {(01:54)} b3 {(03:54)} 23. Nb4 {
(00:10)} Nfe4 {(00:40)} 24. Qe3 {(01:07)} f5 {(01:
29)} 25. Ra3 {(09:10)} f4 {(01:33)} 26. gxf4 {(00:02)}
gxf4 {(00:09)} 27. Qe2 {(00:02)} Rhg8 {(01:34)} 28. Bxb3 {
(01:08)} Qg7 {(00:51)} 29. Nh4 {(01:27)} Rd2 {(02:
11)} 30. Qh5 {(00:02)} Rxf2 {(01:14)} 31. Re2 {(00:48)}
Qxg2+ {(00:35)} 0-1

[Event "42nd Olympiad Baku 2016 Women"]
[Site "Baku"]
[Date "2016.09.03"]
[Round "2.6"]
[White "Clementson, Jessica"]
[Black "Camp, Imogen A L"]
[Result "0-1"]
[ECO "C50"]
[WhiteElo "1233"]
[BlackElo "1718"]
[Annotator ""]
[PlyCount "46"]
[EventDate "2016.??.??"]
[EventCountry "AZE"]
[SourceTitle "playchess.com"]
[Source "ChessBase"]
[WhiteTeam "Guyana"]
[BlackTeam "Wales"]
[WhiteTeamCountry "GUY"]
[BlackTeamCountry "WLS"]
[TimeControl "40/5400+30:1800+30"]

1. e4 {(00:00)} e5 {(00:00)} 2. Nf3 {(00:00)} Nc6 {
(00:00)} 3. Bc4 {(00:00)} Bc5 {(00:00)} 4. O-O {(
00:09)} d6 {(00:00)} 5. d3 {(00:22)} Nf6 {(00:06)} 6. c3 {
(00:32)} a6 {(00:11)} 7. Bb3 {(00:47)} Ba7 {(00:35]
} 8. Nbd2 {(02:28)} h6 {(02:02)} 9. Re1 {(02:04)} g5 {
(03:43)} 10. Nf1 {(04:39)} g4 {(04:41)} 11. N3d2 {(
01:20)} h5 {(06:44)} 12. Qe2 {(18:41)} h4 {(11:36)} 13.
Nc4 {(12:31)} g3 {(16:19)} 14. hxg3 {(04:08)} hxg3 {
(02:40)} 15. Nxg3 {(01:05)} Ng4 {(02:27)} 16. Ne3 {
(03:04)} Qh4 {(02:48)} 17. Qf3 {(07:05)} f6 {(06:
53)} 18. Bd2 {(12:46)} Nxe3 {(00:59)} 19. Bxe3 {(00:53)}
Bg4 {(00:31)} 20. Qxg4 {(18:50)} Qxg4 {(00:10)} 21. Bxa7 {
(05:32)} Nxa7 {(00:22)} 22. Kf1 {(01:23)} O-O-O {(
01:43)} 23. Nf5 {(01:36)} Rh1# {(00:09)} 0-1

[Event "42nd Olympiad Baku 2016 Women"]
[Site "Baku"]
[Date "2016.09.03"]
[Round "2.10"]
[White "Coimbra, Margarida"]
[Black "Adhikari, Ashmita"]
[Result "1-0"]
[ECO "C45"]
[WhiteElo "2078"]
[BlackElo "1632"]
[Annotator ""]
[PlyCount "77"]
[EventDate "2016.??.??"]
[EventCountry "AZE"]
[SourceTitle "playchess.com"]
[Source "ChessBase"]
[WhiteTeam "Portugal"]
[BlackTeam "Nepal"]
[WhiteTeamCountry "POR"]
[BlackTeamCountry "NEP"]
[TimeControl "40/5400+30:1800+30"]

1. e4 {(00:00)} e5 {(00:00)} 2. Nf3 {(00:00)} Nc6 {
(00:00)} 3. d4 {(00:00)} exd4 {(00:14)} 4. Nxd4 {(
00:00)} Nf6 {(00:43)} 5. Nxc6 {(00:22)} bxc6 {(00:21)} 6.
e5 {(00:14)} Qe7 {(01:56)} 7. Qe2 {(00:16)} Nd5 {(
01:02)} 8. c4 {(00:38)} Ba6 {(01:12)} 9. b3 {(01:32)} g6 {
(03:27)} 10. f4 {(01:17)} Bg7 {(01:23)} 11. Qf2 {(
00:48)} Nb4 {(05:15)} 12. a3 {(06:50)} Bxe5 {(02:48)} 13.
fxe5 {(00:13)} Qxe5+ {(00:32)} 14. Qe2 {(00:08)} Nc2+ {
(00:57)} 15. Kf2 {(00:19)} Qxe2+ {(00:47)} 16. Bxe2 {
(00:07)} Nxa1 {(00:09)} 17. Bb2 {(00:07)} O-O {(00:
25)} 18. Bxa1 {(00:06)} d5 {(03:50)} 19. Nd2 {(06:29)}
Rfe8 {(07:01)} 20. Bf3 {(09:05)} Bb7 {(07:12)} 21. Rc1 {
(06:24)} Rac8 {(08:44)} 22. b4 {(21:37)} a6 {(05:
21)} 23. Nb3 {(01:41)} Ba8 {(03:56)} 24. Nc5 {(08:51)}
dxc4 {(06:59)} 25. Nd7 {(07:46)} Re6 {(06:52)} 26. Nf6+ {
(00:29)} Kg7 {(02:32)} 27. Bg4 {(02:29)} Bb7 {(04:
19)} 28. Bxe6 {(09:27)} fxe6 {(00:58)} 29. Nd7+ {(00:41)}
Kh6 {(01:49)} 30. Nc5 {(03:20)} Rf8+ {(00:32)} 31. Kg3 {
(05:08)} Bc8 {(00:58)} 32. Rxc4 {(00:11)} Rf5 {(00:
51)} 33. Rh4+ {(00:28)} Rh5 {(00:07)} 34. Rxh5+ {(00:24)}
Kxh5 {(00:08)} 35. Kf4 {(01:05)} g5+ {(01:10)} 36. Ke5 {
(01:26)} Kg4 {(03:29)} 37. Bd4 {(01:31)} h5 {(01:
06)} 38. Ne4 {(01:27)} h4 {(01:11)} 39. Nf6# 1-0

[Event "42nd Olympiad Baku 2016 Women"]
[Site "Baku"]
[Date "2016.09.03"]
[Round "2.30"]
[White "Collas, Silvia"]
[Black "Gomez Barrera, Javiera Belen"]
[Result "1-0"]
[ECO "C50"]
[WhiteElo "2301"]
[BlackElo "2027"]
[Annotator ""]
[PlyCount "61"]
[EventDate "2016.??.??"]
[EventCountry "AZE"]
[SourceTitle "playchess.com"]
[Source "ChessBase"]
[WhiteTeam "France"]
[BlackTeam "Chile"]
[WhiteTeamCountry "FRA"]
[BlackTeamCountry "CHI"]
[TimeControl "40/5400+30:1800+30"]

1. e4 {(00:00)} e5 {(00:00)} 2. Nf3 {(00:00)} Nc6 {
(00:00)} 3. Bc4 {(00:10)} Bc5 {(00:08)} 4. O-O {(
00:24)} Nf6 {(00:15)} 5. d3 {(00:22)} d6 {(00:27)} 6. a4 {
(01:20)} O-O {(04:44)} 7. c3 {(00:35)} a6 {(00:53)}
8. Bg5 {(00:31)} h6 {(01:27)} 9. Bh4 {(00:06)} Bg4 {
(05:15)} 10. h3 {(02:49)} Be6 {(01:11)} 11. Nbd2 {(
02:14)} Qe7 {(15:25)} 12. Re1 {(10:23)} g5 {(02:17)} 13.
Bg3 {(15:09)} Nh5 {(01:57)} 14. Nxe5 {(11:38)} Nxg3 {
(05:02)} 15. Nxc6 {(00:11)} bxc6 {(17:11)} 16. d4 {
(00:18)} Ba7 {(21:30)} 17. fxg3 {(00:43)} Qf6 {(01:
43)} 18. Kh2 {(05:17)} d5 {(03:59)} 19. Ba2 {(09:03)} Qg7
{(05:02)} 20. a5 {(01:03)} Rfe8 {(04:26)} 21. b4 {(
04:48)} dxe4 {(02:17)} 22. Nxe4 {(01:40)} Bd5 {(01:25)}
23. Nf2 {(02:58)} f5 {(04:15)} 24. Qc2 {(01:39)} Qf7 {
(00:36)} 25. Rf1 {(03:31)} Bxa2 {(00:25)} 26. Rxa2 {
(00:07)} Qc4 {(00:22)} 27. Kg1 {(05:04)} Re3 {(00:
43)} 28. Qxf5 {(00:51)} Qxc3 {(00:34)} 29. Qg6+ {(01:09)}
Kh8 {(00:04)} 30. Qxh6+ {(00:51)} Kg8 {(00:26)} 31. Ng4 {
(02:33)} 1-0

[Event "42nd Olympiad Baku 2016 Women"]
[Site "Baku"]
[Date "2016.09.03"]
[Round "2.19"]
[White "Collazo Hidalgo-Gato, Niala"]
[Black "Olde, Margareth"]
[Result "0-1"]
[ECO "A06"]
[WhiteElo "2268"]
[BlackElo "2003"]
[Annotator ""]
[PlyCount "70"]
[EventDate "2016.??.??"]
[EventCountry "AZE"]
[SourceTitle "playchess.com"]
[Source "ChessBase"]
[WhiteTeam "Spain"]
[BlackTeam "Estonia"]
[WhiteTeamCountry "ESP"]
[BlackTeamCountry "EST"]
[TimeControl "40/5400+30:1800+30"]

1. Nf3 {(00:00)} d5 {(00:00)} 2. g3 {(00:05)} Nf6 {
(00:46)} 3. Bg2 {(00:31)} g6 {(01:28)} 4. d3 {(01:
26)} Bg7 {(00:16)} 5. Nbd2 {(00:12)} O-O {(04:36)} 6. O-O
{(00:31)} c5 {(01:28)} 7. e4 {(01:55)} Nc6 {(06:13]
} 8. c3 {(09:15)} e5 {(04:28)} 9. a3 {(03:26)} Re8 {
(08:53)} 10. Re1 {(04:18)} h6 {(04:37)} 11. b4 {(
00:33)} cxb4 {(03:07)} 12. axb4 {(04:15)} d4 {(06:00)} 13.
cxd4 {(09:43)} Nxd4 {(01:37)} 14. Bb2 {(05:08)} Bg4 {
(06:21)} 15. h3 {(03:21)} Nxf3+ {(01:45)} 16. Nxf3 {
(00:19)} Bxf3 {(00:29)} 17. Bxf3 {(05:42)} Nh7 {(
04:49)} 18. Ra5 {(04:20)} Qd6 {(08:45)} 19. Qb3 {(06:37)}
Bf8 {(09:41)} 20. Ba3 {(04:50)} a6 {(05:09)} 21. Rd5 {
(07:56)} Qb6 {(01:31)} 22. d4 {(12:23)} exd4 {(01:
43)} 23. Rd7 {(01:40)} Re7 {(01:04)} 24. Rxe7 {(02:48)}
Bxe7 {(00:01)} 25. e5 {(03:51)} Ng5 {(01:58)} 26. Bg2 {
(01:27)} Ne6 {(01:23)} 27. Rb1 {(02:08)} Rd8 {(01:
43)} 28. Qd3 {(01:17)} Qc7 {(03:56)} 29. Qe4 {(01:39)} d3
{(03:21)} 30. Rc1 {(02:47)} d2 {(01:28)} 31. Rd1 {(
00:01)} Qc3 {(01:47)} 32. Qxb7 {(00:50)} Qxa3 {(00:15)}
33. Bd5 {(00:39)} Qxb4 {(01:22)} 34. Qc6 {(00:19)} Qb5 {
(01:51)} 35. Qxb5 {(00:45)} axb5 {(00:04)} 0-1

[Event "42nd Olympiad Baku 2016 Women"]
[Site "Baku"]
[Date "2016.09.03"]
[Round "2.17"]
[White "Cramling, Pia"]
[Black "Mueller-Seps, Monika"]
[Result "1-0"]
[ECO "E91"]
[WhiteElo "2444"]
[BlackElo "2276"]
[Annotator ""]
[PlyCount "81"]
[EventDate "2016.??.??"]
[EventCountry "AZE"]
[SourceTitle "playchess.com"]
[Source "ChessBase"]
[WhiteTeam "Sweden"]
[BlackTeam "Switzerland"]
[WhiteTeamCountry "SWE"]
[BlackTeamCountry "SUI"]
[TimeControl "40/5400+30:1800+30"]

1. d4 {(00:00)} Nf6 {(00:00)} 2. Nf3 {(00:00)} g6 {
(00:00)} 3. c4 {(00:00)} Bg7 {(00:00)} 4. Nc3 {(00:
04)} d6 {(00:05)} 5. e4 {(00:55)} O-O {(00:15)} 6. Be2 {
(00:26)} Bg4 {(00:13)} 7. Be3 {(00:16)} Nfd7 {(00:
33)} 8. Qd2 {(00:27)} Bxf3 {(08:47)} 9. gxf3 {(02:40)} e5
{(00:06)} 10. d5 {(00:26)} Nf6 {(02:46)} 11. c5 {(
18:04)} Qe7 {(09:49)} 12. Na4 {(11:47)} Nh5 {(06:21)} 13.
Rc1 {(06:27)} f5 {(13:25)} 14. Qb4 {(03:03)} b6 {(
09:28)} 15. cxd6 {(05:04)} cxd6 {(01:01)} 16. Bb5 {(04:10]
} Nd7 {(03:22)} 17. Rc7 {(01:35)} Rad8 {(23:48)} 18. Rxa7
{(04:37)} fxe4 {(04:15)} 19. Qxe4 {(03:37)} Nhf6 {(
06:53)} 20. Qh4 {(03:12)} Rf7 {(00:01)} 21. Nxb6 {(05:46)}
Qf8 {(00:01)} 22. Nxd7 {(01:56)} Nxd7 {(00:01)} 23. O-O {
(07:50)} Nf6 {(02:17)} 24. Rxf7 {(02:01)} Qxf7 {(
00:02)} 25. Rc1 {(01:00)} Rb8 {(04:21)} 26. a4 {(00:15)}
Kh8 {(01:47)} 27. Qc4 {(05:46)} Qf8 {(00:53)} 28. a5 {
(01:07)} Bh6 {(01:51)} 29. a6 {(05:18)} Bxe3 {(00:
55)} 30. fxe3 {(00:06)} Qh6 {(00:21)} 31. Rc3 {(00:44)}
Rf8 {(01:07)} 32. a7 {(01:49)} e4 {(00:12)} 33. f4 {
(01:17)} Ng4 {(00:49)} 34. Qe2 {(00:28)} Qh4 {(00:
42)} 35. Rc1 {(01:07)} g5 {(00:26)} 36. Bd7 {(01:46)} gxf4
{(00:11)} 37. Qxg4 {(00:28)} Qe7 {(00:55)} 38. Rc8 {
(01:41)} Rxc8 {(00:01)} 39. Bxc8 {(00:07)} Qxa7 {(
00:02)} 40. Qxf4 {(00:00)} Qa1+ {(00:00)} 41. Qf1 1-0

[Event "42nd Olympiad Baku 2016 Women"]
[Site "Baku"]
[Date "2016.09.03"]
[Round "2.10"]
[White "Dauletova, Gulmira"]
[Black "Franciskovic, Borka"]
[Result "1/2-1/2"]
[ECO "B10"]
[WhiteElo "2275"]
[BlackElo "2267"]
[Annotator ""]
[PlyCount "53"]
[EventDate "2016.??.??"]
[EventCountry "AZE"]
[SourceTitle "playchess.com"]
[Source "ChessBase"]
[WhiteTeam "Kazakhstan"]
[BlackTeam "Croatia"]
[WhiteTeamCountry "KAZ"]
[BlackTeamCountry "CRO"]
[TimeControl "40/5400+30:1800+30"]

1. e4 {(00:00)} c6 {(00:00)} 2. c4 {(00:02)} d5 {(
00:00)} 3. exd5 {(00:19)} cxd5 {(00:12)} 4. cxd5 {(00:09)}
Nf6 {(00:19)} 5. Nc3 {(03:11)} Nxd5 {(01:52)} 6. Bc4 {
(01:26)} e6 {(04:33)} 7. Nf3 {(01:05)} Be7 {(01:09]
} 8. O-O {(00:46)} O-O {(00:49)} 9. d4 {(02:17)} b6 {
(11:24)} 10. Ne5 {(24:29)} Bb7 {(07:52)} 11. Qe2 {(
12:05)} Nc6 {(08:45)} 12. Rd1 {(02:05)} Nxc3 {(08:30)} 13.
bxc3 {(00:14)} Nxe5 {(00:32)} 14. Qxe5 {(16:41)} Rc8 {
(06:36)} 15. Qe2 {(13:35)} Qc7 {(18:12)} 16. Bd3 {(
03:34)} Qxc3 {(04:18)} 17. Bb2 {(03:21)} Qb4 {(03:10)} 18.
a3 {(01:33)} Qb3 {(03:23)} 19. d5 {(01:34)} Bxd5 {(
01:41)} 20. Bxh7+ {(09:38)} Kxh7 {(01:21)} 21. Rd3 {(00:
19)} Qc2 {(04:03)} 22. Qh5+ {(00:10)} Kg8 {(00:05)} 23.
Bxg7 {(01:21)} Kxg7 {(03:19)} 24. Qg4+ {(00:25)} Kh8 {
(00:38)} 25. Qh5+ {(00:33)} Kg7 {(00:36)} 26. Qg4+ {
(00:02)} Kh8 {(00:05)} 27. Qh5+ 1/2-1/2

[Event "42nd Olympiad Baku 2016 Women"]
[Site "Baku"]
[Date "2016.09.03"]
[Round "2.13"]
[White "Daulyte, Deimante"]
[Black "Richards, Heather S"]
[Result "1-0"]
[ECO "B03"]
[WhiteElo "2421"]
[BlackElo "2199"]
[Annotator ""]
[PlyCount "159"]
[EventDate "2016.??.??"]
[EventCountry "AZE"]
[SourceTitle "playchess.com"]
[Source "ChessBase"]
[WhiteTeam "Lithuania"]
[BlackTeam "Australia"]
[WhiteTeamCountry "LTU"]
[BlackTeamCountry "AUS"]
[TimeControl "40/5400+30:1800+30"]

1. e4 {(00:00)} Nf6 {(00:00)} 2. e5 {(00:00)} Nd5 {
(00:06)} 3. d4 {(00:03)} d6 {(00:10)} 4. c4 {(00:
15)} Nb6 {(00:13)} 5. exd6 {(00:15)} exd6 {(00:21)} 6. Nc3
{(00:17)} Be7 {(01:20)} 7. Bd3 {(00:20)} Nc6 {(02:
01)} 8. Nge2 {(00:34)} O-O {(00:56)} 9. b3 {(02:52)} Re8 {
(10:24)} 10. O-O {(00:53)} Bf6 {(00:39)} 11. Be3 {(
00:35)} Bg4 {(01:24)} 12. h3 {(04:08)} Bxe2 {(14:47)} 13.
Bxe2 {(05:06)} d5 {(09:10)} 14. c5 {(03:54)} Nc8 {(
00:09)} 15. a3 {(14:36)} N8e7 {(12:04)} 16. Qd3 {(00:27)}
g6 {(01:02)} 17. g4 {(00:38)} Bg7 {(06:56)} 18. b4 {
(06:09)} Qd7 {(00:07)} 19. Qd2 {(03:54)} f5 {(07:
36)} 20. b5 {(09:08)} Na5 {(05:06)} 21. Qd1 {(02:43)} b6 {
(05:12)} 22. Na4 {(07:37)} a6 {(04:42)} 23. bxa6 {(
02:21)} b5 {(00:13)} 24. c6 {(04:41)} Qxc6 {(00:33)} 25.
Nc5 {(00:12)} Nc4 {(01:12)} 26. Bf4 {(00:54)} Qf6 {
(07:08)} 27. Bxc4 {(03:02)} dxc4 {(00:08)} 28. Be5 {
(00:22)} Qc6 {(00:07)} 29. Bxg7 {(03:09)} Kxg7 {(
00:05)} 30. Re1 {(00:16)} fxg4 {(02:10)} 31. hxg4 {(01:35]
} Nd5 {(04:35)} 32. Qf3 {(00:48)} Nb4 {(02:16)} 33. Qc3 {
(17:12)} Nd5 {(00:04)} 34. Qg3 {(00:15)} Qd6 {(01:
01)} 35. Qf3 {(01:08)} c6 {(00:17)} 36. Re4 {(00:43)} Qf6
{(01:41)} 37. Qxf6+ {(04:28)} Nxf6 {(00:13)} 38. Rxe8 {
(01:02)} Nxe8 {(00:34)} 39. Re1 {(00:54)} Kf7 {(00:
08)} 40. Re6 {(00:00)} b4 {(00:00)} 41. axb4 {(05:18)}
Rxa6 {(03:14)} 42. Kg2 {(00:43)} c3 {(10:12)} 43. d5 {
(04:21)} Ra1 {(08:21)} 44. Rxc6 {(01:49)} c2 {(01:
25)} 45. Nd3 {(00:25)} Rd1 {(01:24)} 46. Ne5+ {(00:29)}
Ke7 {(00:05)} 47. Rxc2 {(00:29)} Rxd5 {(00:06)} 48. Re2 {
(07:35)} g5 {(02:10)} 49. Nf3+ {(03:34)} Kf7 {(00:
26)} 50. Re5 {(00:23)} Rxe5 {(00:12)} 51. Nxe5+ {(00:05)}
Ke6 {(01:13)} 52. Nf3 {(01:05)} h6 {(00:05)} 53. Nd4+ {
(01:29)} Kd5 {(09:11)} 54. Nf5 {(00:25)} Kc4 {(00:
19)} 55. Nxh6 {(00:13)} Nd6 {(00:23)} 56. Kf3 {(02:47)}
Kxb4 {(00:36)} 57. Nf5 {(00:07)} Nf7 {(01:02)} 58. Ke4 {
(00:17)} Kc3 {(01:04)} 59. Kd5 {(01:48)} Nd8 {(00:
32)} 60. Ke5 {(01:18)} Kd3 {(00:16)} 61. Ng3 {(01:29)} Kd2
{(00:33)} 62. Kf6 {(00:21)} Ke1 {(00:27)} 63. Ne4 {
(00:07)} Ke2 {(00:28)} 64. Kxg5 {(00:17)} Ne6+ {(
00:13)} 65. Kf5 {(00:56)} Nd4+ {(00:10)} 66. Kf4 {(00:32)}
Ne6+ {(00:27)} 67. Ke5 {(00:17)} Nf8 {(00:20)} 68. f4 {
(00:47)} Kf3 {(00:05)} 69. Kf5 {(00:25)} Nd7 {(00:
47)} 70. g5 {(00:32)} Nb6 {(00:03)} 71. g6 {(01:04)} Nd5 {
(00:03)} 72. Ng5+ {(00:58)} Kg3 {(00:21)} 73. g7 {(
02:04)} Ne7+ {(00:03)} 74. Ke6 {(00:20)} Ng8 {(00:03)} 75.
Kf7 {(00:23)} Nh6+ {(00:06)} 76. Kg6 {(00:14)} Ng8 {
(00:03)} 77. f5 {(00:21)} Ne7+ {(00:19)} 78. Kh7 {(
00:56)} Kf4 {(00:37)} 79. f6 {(00:17)} Nd5 {(00:04)} 80.
Kg6 {(00:22)} 1-0

[Event "42nd Olympiad Baku 2016 Women"]
[Site "Baku"]
[Date "2016.09.03"]
[Round "2.16"]
[White "Dekic, Biljana N"]
[Black "Domarkaite, Laima"]
[Result "0-1"]
[ECO "B53"]
[WhiteElo "2064"]
[BlackElo "2161"]
[Annotator ""]
[PlyCount "116"]
[EventDate "2016.??.??"]
[EventCountry "AZE"]
[SourceTitle "playchess.com"]
[Source "ChessBase"]
[WhiteTeam "Australia"]
[BlackTeam "Lithuania"]
[WhiteTeamCountry "AUS"]
[BlackTeamCountry "LTU"]
[TimeControl "40/5400+30:1800+30"]

1. e4 {(00:00)} c5 {(00:00)} 2. Nf3 {(00:00)} d6 {(
00:00)} 3. d4 {(00:29)} cxd4 {(00:02)} 4. Qxd4 {(00:50)}
a6 {(00:44)} 5. c4 {(01:24)} Nf6 {(02:24)} 6. Nc3 {
(01:13)} Nbd7 {(02:43)} 7. Bg5 {(06:45)} e6 {(10:
18)} 8. Rd1 {(05:22)} Qc7 {(02:29)} 9. Be2 {(04:12)} Be7 {
(04:03)} 10. O-O {(04:02)} O-O {(06:43)} 11. Rfe1 {
(04:52)} Rd8 {(08:02)} 12. h3 {(04:23)} b6 {(03:34]
} 13. Qe3 {(01:58)} Bb7 {(01:45)} 14. Bh4 {(04:47)} h6 {
(05:57)} 15. Bg3 {(00:48)} Ne5 {(01:47)} 16. b3 {(
02:50)} Rac8 {(00:30)} 17. Rc1 {(00:30)} Nfd7 {(08:42)}
18. Nd4 {(01:52)} Nc6 {(04:56)} 19. Nc2 {(03:25)} Qb8 {
(02:07)} 20. Red1 {(00:48)} Ba8 {(06:43)} 21. Kh1 {
(02:10)} Nf8 {(09:00)} 22. Na4 {(03:14)} Nd7 {(00:
49)} 23. b4 {(06:36)} Nce5 {(02:38)} 24. Nb2 {(03:13)} Qb7
{(04:19)} 25. f3 {(19:51)} Nb8 {(04:37)} 26. Nd4 {(
05:15)} Bf6 {(02:47)} 27. Rb1 {(00:34)} Ng6 {(04:02)} 28.
Nc6 {(03:23)} Rxc6 {(00:13)} 29. Rdc1 {(01:39)} Rdc8 {
(00:37)} 30. Nd1 {(03:58)} Bh4 {(01:44)} 31. Bh2 {(
00:43)} Bg5 {(00:28)} 32. f4 {(00:28)} Be7 {(00:21)} 33.
Bf3 {(02:57)} Rxc4 {(00:44)} 34. Rxc4 {(01:02)} Rxc4 {
(00:02)} 35. Nb2 {(00:08)} Rc7 {(00:57)} 36. Bg1 {(
00:20)} b5 {(00:15)} 37. Bf2 {(00:43)} Qc8 {(00:18)} 38.
Nd3 {(00:27)} Rc3 {(00:49)} 39. Rc1 {(00:00)} Rxc1+ {
(00:00)} 40. Nxc1 {(00:00)} e5 {(00:00)} 41. Ne2 {(
03:41)} exf4 {(12:37)} 42. Nxf4 {(01:04)} Nxf4 {(00:48)}
43. Qxf4 {(00:08)} Qc4 {(01:05)} 44. Bg3 {(01:56)} Qc3 {
(07:06)} 45. Qf5 {(00:29)} Qc7 {(02:00)} 46. Bf4 {(
02:14)} Bb7 {(03:19)} 47. Qg4 {(00:21)} Kf8 {(01:30)} 48.
Qf5 {(00:41)} Bc8 {(02:41)} 49. Qh7 {(00:40)} Bf6 {
(01:53)} 50. Kh2 {(01:55)} Ke7 {(01:01)} 51. Bh5 {(
00:20)} Be6 {(00:33)} 52. Bf3 {(02:14)} Qc8 {(00:58)} 53.
g4 {(02:09)} Qc3 {(00:54)} 54. Kg3 {(00:18)} d5 {(
01:02)} 55. Kg2 {(02:06)} Qc2+ {(00:41)} 56. Kg3 {(00:15)}
Bd4 {(00:36)} 57. Kh4 {(04:35)} Qf2+ {(00:23)} 58. Kh5 {
(00:04)} Qxf3 {(00:17)} 0-1

[Event "42nd Olympiad Baku 2016 Women"]
[Site "Baku"]
[Date "2016.09.03"]
[Round "2.6"]
[White "Diaz, Maria M A"]
[Black "Thornton, Filipina"]
[Result "1-0"]
[ECO "E87"]
[WhiteElo "1928"]
[BlackElo "1737"]
[Annotator ""]
[PlyCount "75"]
[EventDate "2016.??.??"]
[EventCountry "AZE"]
[SourceTitle "playchess.com"]
[Source "ChessBase"]
[WhiteTeam "ARU"]
[BlackTeam "Malta"]
[BlackTeamCountry "MLT"]
[TimeControl "40/5400+30:1800+30"]

1. d4 {(00:00)} Nf6 {(00:00)} 2. c4 {(00:00)} g6 {(
00:00)} 3. Nc3 {(00:26)} Bg7 {(00:00)} 4. e4 {(00:15)} d6
{(00:00)} 5. f3 {(00:08)} O-O {(00:11)} 6. Be3 {(
00:05)} e5 {(03:12)} 7. d5 {(00:07)} Na6 {(01:13)} 8. Qd2
{(00:50)} Nd7 {(00:34)} 9. Nge2 {(02:24)} f5 {(00:
45)} 10. O-O-O {(05:54)} Ndc5 {(08:11)} 11. g3 {(07:30)}
Nb4 {(04:33)} 12. Kb1 {(02:31)} b6 {(14:42)} 13. Nc1 {
(00:51)} a5 {(01:05)} 14. h4 {(01:54)} Qe8 {(08:03]
} 15. Bh6 {(18:48)} Na4 {(10:48)} 16. Be2 {(09:51)} Nxc3+
{(05:43)} 17. bxc3 {(00:14)} Na6 {(03:34)} 18. h5 {
(03:14)} f4 {(07:51)} 19. Bxg7 {(01:59)} Kxg7 {(00:
17)} 20. gxf4 {(00:16)} exf4 {(06:09)} 21. Rdg1 {(00:39)}
Nc5 {(01:07)} 22. Bd3 {(04:59)} Qe5 {(00:19)} 23. hxg6 {
(01:20)} h5 {(03:41)} 24. Bc2 {(01:26)} Rh8 {(01:
34)} 25. Ne2 {(00:41)} Bd7 {(03:38)} 26. Nxf4 {(10:20)}
Raf8 {(00:42)} 27. Rh4 {(02:43)} b5 {(04:46)} 28. Qh2 {
(00:38)} Qxc3 {(02:06)} 29. Nxh5+ {(00:33)} Rxh5 {(
00:36)} 30. Rxh5 {(00:18)} Qb4+ {(00:40)} 31. Bb3 {(00:08]
} Rxf3 {(04:08)} 32. Rh7+ {(03:22)} Kg8 {(02:25)} 33. Rh8+
{(00:25)} Kg7 {(00:06)} 34. Qh7+ {(00:33)} Kf6 {(
00:18)} 35. Rf8+ {(01:21)} Ke5 {(00:24)} 36. Rxf3 {(00:25]
} bxc4 {(01:42)} 37. Qe7+ {(03:00)} Kd4 {(00:31)} 38. Qf6+
{(00:14)} 1-0

[Event "42nd Olympiad Baku 2016 Women"]
[Site "Baku"]
[Date "2016.09.03"]
[Round "2.1"]
[White "Dimitrijevic, Aleksandra"]
[Black "Socko, Monika"]
[Result "1/2-1/2"]
[ECO "A05"]
[WhiteElo "2254"]
[BlackElo "2437"]
[Annotator ""]
[PlyCount "104"]
[EventDate "2016.??.??"]
[EventCountry "AZE"]
[SourceTitle "playchess.com"]
[Source "ChessBase"]
[WhiteTeam "Bosnia  Herzegovina"]
[BlackTeam "Poland"]
[WhiteTeamCountry "BIH"]
[BlackTeamCountry "POL"]
[TimeControl "40/5400+30:1800+30"]

1. Nf3 {(00:00)} Nf6 {(00:00)} 2. b3 {(00:17)} g6 {
(03:46)} 3. Bb2 {(00:13)} Bg7 {(00:03)} 4. e3 {(02:
03)} O-O {(03:19)} 5. Be2 {(01:37)} c5 {(02:30)} 6. c4 {
(00:26)} Nc6 {(00:25)} 7. O-O {(00:23)} Re8 {(01:
42)} 8. d4 {(02:23)} cxd4 {(02:02)} 9. Nxd4 {(03:36)} Nxd4
{(02:12)} 10. Bxd4 {(00:15)} d6 {(02:29)} 11. Bf3 {
(07:47)} e5 {(08:28)} 12. Bb2 {(01:03)} e4 {(02:30]
} 13. Be2 {(00:05)} d5 {(02:07)} 14. Na3 {(07:22)} Be6 {
(03:25)} 15. c5 {(04:22)} a6 {(15:19)} 16. Qd2 {(
08:45)} Nd7 {(02:37)} 17. Bxg7 {(04:35)} Kxg7 {(00:02)}
18. Rac1 {(01:28)} Qg5 {(04:24)} 19. Kh1 {(17:12)} Ne5 {
(04:05)} 20. Nc2 {(03:21)} Rac8 {(07:12)} 21. Nd4 {
(01:06)} Bg4 {(01:00)} 22. f4 {(10:55)} exf3 {(00:
16)} 23. Nxf3 {(02:33)} Bxf3 {(03:51)} 24. Bxf3 {(00:07)}
Nxf3 {(01:33)} 25. Rxf3 {(00:07)} Re4 {(01:50)} 26. Rcf1 {
(01:31)} Rc7 {(00:30)} 27. b4 {(02:32)} Qe5 {(01:
36)} 28. a3 {(04:59)} Re7 {(00:40)} 29. h3 {(01:15)} h5 {
(03:06)} 30. Rf6 {(05:29)} Rxe3 {(05:34)} 31. Qf2 {
(00:09)} Qc7 {(00:54)} 32. Rd6 {(00:05)} R3e5 {(03:
01)} 33. Qd4 {(01:22)} Kg8 {(05:35)} 34. Rxd5 {(00:21)}
Rxd5 {(00:02)} 35. Qxd5 {(00:09)} Re3 {(00:44)} 36. a4 {
(04:41)} Qe7 {(00:28)} 37. b5 {(00:48)} axb5 {(04:
36)} 38. axb5 {(00:09)} Rc3 {(02:13)} 39. b6 {(02:52)}
Rxc5 {(01:34)} 40. Rxf7 {(00:00)} Qe1+ {(00:00)} 41. Rf1+
{(00:41)} Rxd5 {(01:01)} 42. Rxe1 {(00:05)} Rd6 {(
00:43)} 43. Rb1 {(03:01)} Kf7 {(00:04)} 44. Kh2 {(00:53)}
Ke6 {(04:49)} 45. Kg3 {(04:58)} Rd2 {(03:12)} 46. Kh4 {
(03:00)} Rd5 {(06:17)} 47. g4 {(05:32)} Re5 {(01:
30)} 48. Rb2 {(00:35)} hxg4 {(02:52)} 49. hxg4 {(00:17)}
Rc5 {(02:46)} 50. Re2+ {(01:06)} Kf6 {(02:39)} 51. Rf2+ {
(00:36)} Ke7 {(00:19)} 52. Re2+ {(00:13)} Kf6 {(00:
10)} 1/2-1/2